 Dungeon Crawl Stone Soup version 0.17-a0-1951-g62301d3 (webtiles) character file.

1939 RobertPalmer the Carver (level 8, -2/63 HPs)
             Began as a Centaur Chaos Knight on Oct 2, 2015.
             Shot with an exploding sling bullet by Joseph (22 damage)
             ... on level 7 of the Dungeon on Oct 3, 2015.
             The game lasted 00:26:29 (6784 turns).

RobertPalmer the Carver (Centaur Chaos Knight)      Turns: 6784, Time: 00:26:29

Health: -2/63      AC:  8    Str: 14    XL:     8   Next: 98%
Magic:  8/8        EV: 15    Int: 11    God:    Xom [...*..]
Gold:   129        SH:  0    Dex: 17    Spells: 0 memorised, 7 levels left

rFire  . . .     SeeInvis .     a - +1 long sword
rCold  . . .     Clarity  .     b - +2 leather armour
rNeg   . . .     SustAt   .     (no shield)
rPois  .         Gourm    .     g - +0 helmet
rElec  .         Spirit   .     m - +0 cloak
rCorr  .         Warding  .     (no gloves)
rMut   .         Stasis   .     (no barding)
MR     ++...                    (no amulet)
Stlth  ++........               v - ring of protection from magic {MR+, !d}
                                t - +1 ring of evasion

@: agile, very quick, very resistant to hostile enchantments, unstealthy
A: hooves 3, deformed body, speed 2, high mp 1, magic resistance 1, sense
surroundings 1, tough skin 3
a: Renounce Religion


You were on level 7 of the Dungeon.
You worshipped Xom.
You were a favourite toy of Xom.
You were hungry.

You visited 1 branch of the dungeon, and saw 7 of its levels.

You collected 405 gold pieces.
You spent 276 gold pieces at shops.

Inventory:

Hand weapons
 a - a +1 long sword (weapon)
   (You found it on level 4 of the Dungeon)
Armour
 b - a +2 leather armour (worn)
 g - a +0 helmet (worn)
   (You found it on level 1 of the Dungeon)
 m - a +0 cloak (worn)
   (You found it on level 1 of the Dungeon)
Jewellery
 q - a cursed ring of teleportation {+/*tele, !d}
   (You found it on level 3 of the Dungeon)
 t - a +1 ring of evasion (left hand)
   (You found it on level 3 of the Dungeon)
 v - a ring of protection from magic (right hand) {MR+, !d}
   (You found it on level 6 of the Dungeon)
 y - an uncursed ring of positive energy {rN+}
   (You found it on level 4 of the Dungeon)
 C - an uncursed ring of flight {+Fly, !d}
   (You found it on level 5 of the Dungeon)
 F - an uncursed ring of positive energy {rN+}
   (You found it on level 6 of the Dungeon)
Magical devices
 h - a wand of polymorph (10)
   (Xom gifted it to you on level 7 of the Dungeon)
 x - a wand of cold (9)
   (You found it on level 3 of the Dungeon)
 A - a wand of fireball (5)
   (You found it on level 4 of the Dungeon)
Scrolls
 e - a scroll of teleportation
 f - 5 scrolls of identify
 j - 4 scrolls of magic mapping {!r}
 l - 2 scrolls of fog
 n - 4 scrolls of enchant armour
 w - 2 scrolls of remove curse
Potions
 d - a potion of curing
 u - 3 potions of flight
 E - 2 potions of poison {!q}
Comestibles
 c - 3 bread rations {@e1}
 i - 7 beef jerkies
 k - 3 meat rations {@e2}


   Skills:
 - Level 3.0 Fighting
 + Level 10.9 Long Blades
 - Level 1.3 Armour
 - Level 0.6 Dodging


You had 7 spell levels left.
You didn't know any spells.

Dungeon Overview and Level Annotations

Branches:
Dungeon (7/15)             Temple (0/1) D:5

Altars:
Cheibriados
Kikubaaqudgha
Okawaru
Vehumet

Shops:
D:5 *   D:6 [?%

Annotations:
D:4 exclusion: statue
D:7 Joseph


Innate Abilities, Weirdness & Mutations

You have hooves in place of feet.
Armour fits poorly on your strangely shaped body.
You cover ground very quickly.
You have extremely tough skin (AC +3).
You have an increased reservoir of magic (+10% MP).
You are resistant to hostile enchantments.
You passively map a small area around you.


Message History

Drop what? 29/52 slots (_ for help) (? for menu, Esc to quit)
You drop a potion of degeneration {!q}.
Drink which item? (? for menu, Esc to quit)
Really quaff
B - a potion of lignification {!q}?
You turn into a tree.
Your +0 cloak melds into your body.
Your +0 helmet melds into your body.
Your +2 leather armour melds into your body.
Your roots penetrate the ground.
You now have 88/94 hp.
Drink which item? (? for menu, Esc to quit)
You feel very mighty all of a sudden. Asdu's ghost hits you.
You take 6 damage, and have 82/94 hp.
You miss asdu's ghost.
Asdu's ghost hits you but does no damage.
You slash asdu's ghost! Asdu's ghost hits you.
You take 1 damage, and have 82/94 hp.
You barely miss asdu's ghost. Asdu's ghost hits you.
You take 6 damage, and have 76/94 hp.
You closely miss asdu's ghost.
Asdu's ghost hits you but does no damage.
You barely miss asdu's ghost. Asdu's ghost hits you.
You take 5 damage, and have 71/94 hp.
You miss asdu's ghost. Asdu's ghost hits you.
You take 5 damage, and have 66/94 hp.
You slash asdu's ghost! You barely miss asdu's ghost.
Asdu's ghost hits you but does no damage.
You closely miss asdu's ghost.
Asdu's ghost hits you but does no damage.
You are near starving!
You hit asdu's ghost. Asdu's ghost hits you.
You take 4 damage, and have 62/94 hp.
You slash asdu's ghost!
Asdu's ghost hits you but does no damage.
You barely miss asdu's ghost. Asdu's ghost hits you.
You take 3 damage, and have 59/94 hp.
You slash asdu's ghost! Asdu's ghost hits you.
You take 3 damage, and have 56/94 hp.
You hit asdu's ghost.
Asdu's ghost hits you but does no damage.
You miss asdu's ghost. Asdu's ghost hits you!
You take 9 damage, and have 48/94 hp.
You barely miss asdu's ghost.
Asdu's ghost hits you but does no damage.
You barely miss asdu's ghost. You slice asdu's ghost!!
You destroy asdu's ghost!
You cannot move.
You start resting.
Your transformation is almost over.
You regained 4 hp, and now have 52/94 hp.
You start resting.
You feel less woody.
Your +0 cloak unmelds from your body.
Your +0 helmet unmelds from your body.
Your +2 leather armour unmelds from your body.
You now have 36/63 hp.
You start resting.
You feel a little less mighty now.
Unknown command.
You start resting. "Here."
Something appears before you!
You regained 7 hp, and now have 43/63 hp.
h - a wand of polymorph {god gift} Eat which item? (? for menu, Esc to quit)
Mmm...
Chicken.
You start resting.
You regained 10 hp, and now have 54/63 hp.
Unknown command.
Joseph unwields an uncursed hunting sling.
Joseph wields an uncursed quarterstaff.
Joseph hits you with an uncursed quarterstaff!
You take 10 damage, and have 45/63 hp.
You hit Joseph but do no damage. You hit Joseph.
You kick Joseph, but do no damage. Joseph hits you but does no damage.
Drink which item? (? for menu, Esc to quit)
You feel agile all of a sudden. Joseph completely misses you.
You slash Joseph! You kick Joseph, but do no damage.
Joseph hits you but does no damage.
You are feeling hungry.
You closely miss Joseph. You closely miss Joseph.
You kick Joseph, but do no damage. Joseph hits you but does no damage.
You completely miss Joseph. Your kick misses Joseph.
Joseph hits you with an uncursed quarterstaff!
You take 9 damage, and have 37/63 hp.
You hit Joseph. You barely miss Joseph. You kick Joseph.
Joseph hits you with an uncursed quarterstaff!
You take 17 damage, and have 20/63 hp.
MASSIVE DAMAGE!!
Joseph unwields an uncursed quarterstaff.
Joseph wields an uncursed hunting sling.
Joseph shoots an exploding sling bullet.
The exploding sling bullet hits you!!
You die...
Xom chortles!

#................# #..#.(
#.##.#.......>#..####..#..
# #.##......##...........
##, #.#.##...####.####/.#..
#...#.#.###................
#.......###.#####.......##.
#...###.......###.#####.##.
#** #.@.........# #.##.
#.#.@..!#.### #.##.
#.#.....#.#######.##.
#.#....<#.........##.
#.####.##§#######**#. #.#
#.##.# #. #. #.##.## #. *
**** #.#W..## #. *,, , *
#..###§## #. * ** * ** #.##
##.#######.


You could see Joseph.

Vanquished Creatures
  The ghost of asdu the Cleaver, an experienced DDCK of Makhleb (D:7)
  Sigmund (D:5)
  A water moccasin (D:6)
  The ghost of graki42 the Magician, an average DEFE (D:3)
  An ogre (D:4)
  A phantom (D:5)
  A centaur (D:5)
  Blork the orc (D:5)
  A giant frog (D:6)
  A scorpion (D:5)
  An orc priest (D:5)
  A jelly (D:5)
  2 crimson imps
  A hound (D:4)
  3 orc wizards
  2 centaur skeletons
  3 iguanas (D:5)
  A worker ant (D:5)
  Natasha (thrice) (D:2)
  A killer bee zombie (D:4)
  2 hound skeletons
  3 gnolls (D:3)
  9 adders
  A river rat (D:5)
  An ooze (D:5)
  An adder skeleton (D:5)
  An adder zombie (D:5)
  2 worms (D:2)
  12 orcs
  4 ball pythons
  3 goblins
  9 hobgoblins
  3 jackals (D:2)
  3 quokkas
  8 bats
  8 giant cockroaches
  8 giant newts
  4 kobolds
  A quokka skeleton (D:7)
  5 rats
116 creatures vanquished.

Vanquished Creatures (collateral kills)
  An iguana (D:7)
  3 orcs (D:7)
4 creatures vanquished.

Grand Total: 120 creatures vanquished

Notes
Turn   | Place    | Note
--------------------------------------------------------------
     0 | D:1      | RobertPalmer the Centaur Chaos Knight began the quest for the Orb.
     0 | D:1      | Reached XP level 1. HP: 19/19 MP: 1/1
     9 | D:1      | XOM: divination: detect items
    70 | D:1      | Reached skill level 3 in Long Blades
   186 | D:1      | Reached XP level 2. HP: 26/26 MP: 2/2
   315 | D:1      | XOM: divination: detect items
   694 | D:1      | XOM: harmless Pois miscast
   935 | D:2      | XOM: silly message
   999 | D:2      | XOM: confuse monster(s)
  1005 | D:2      | Reached XP level 3. HP: 31/31 MP: 3/3
  1136 | D:2      | Noticed Natasha
  1144 | D:2      | Killed Natasha
  1144 | D:2      | Reached skill level 4 in Long Blades
  1275 | D:2      | Reached XP level 4. HP: 23/38 MP: 4/4
  1386 | D:2      | Found an iron altar of Okawaru.
  1725 | D:2      | XOM: mild Air miscast
  1810 | D:2      | Noticed Natasha
  1847 | D:2      | XOM: mild Trmt miscast
  1883 | D:2      | XOM: smoke on damage
  1889 | D:2      | Killed Natasha
  1889 | D:2      | Reached skill level 5 in Long Blades
  2048 | D:2      | Noticed Natasha
  2056 | D:2      | Killed Natasha
  2121 | D:3      | XOM: 1-stop teleportation journey
  2169 | D:3      | Reached XP level 5. HP: 24/45 MP: 5/5
  2519 | D:3      | Noticed graki42's ghost (average DEFE)
  2525 | D:3      | XOM: confuse monster(s)
  2526 | D:3      | XOM: enchant monster (bad)
  2538 | D:3      | Killed graki42's ghost
  2538 | D:3      | Reached skill level 6 in Long Blades
  2839 | D:3      | Reached XP level 6. HP: 48/51 MP: 6/6
  2894 | D:3      | XOM: blink monster(s)
  2913 | D:3      | XOM: god gift: quarterstaff {god gift}
  3115 | D:3      | XOM: harmless Necr miscast
  3482 | D:4      | Found a radiant altar of Vehumet.
  3494 | D:4      | Reached skill level 7 in Long Blades
  3731 | D:5      | Entered Level 5 of the Dungeon
  3754 | D:5      | Reached XP level 7. HP: 49/57 MP: 7/7
  3946 | D:5      | XOM: harmless Hex miscast
  3961 | D:5      | Found Axkotwe's Assorted Antiques.
  3965 | D:5      | XOM: polymorph iguana -> river rat
  4028 | D:5      | XOM: smoke on damage
  4035 | D:5      | HP: 9/57 [worker ant (7)]
  4265 | D:5      | XOM: harmless Trmt miscast
  4531 | D:5      | Found a staircase to the Ecumenical Temple.
  4556 | D:5      | XOM: vitrification
  4570 | D:5      | Reached skill level 8 in Long Blades
  4592 | D:5      | HP: 12/57 [orc priest/flail (7)]
  4603 | D:5      | HP: 8/57 [orc (4)]
  4611 | D:5      | HP: 8/57 [orc (1)]
  4876 | D:5      | Noticed Blork the orc
  4886 | D:5      | Killed Blork the orc
  4910 | D:5      | XOM: vitrification
  4973 | D:5      | Noticed Sigmund
  4975 | D:5      | Killed Sigmund
  4975 | D:5      | Reached skill level 9 in Long Blades
  4975 | D:5      | Reached XP level 8. HP: 53/63 MP: 8/8
  5274 | D:6      | Found Qif Hyn's Magic Scroll Boutique.
  5279 | D:6      | Bought a scroll of enchant armour for 90 gold pieces
  5279 | D:6      | Bought a scroll of identify for 24 gold pieces
  5279 | D:6      | Bought a scroll of identify for 24 gold pieces
  5279 | D:6      | Bought a scroll of identify for 24 gold pieces
  5279 | D:6      | Bought a scroll of identify for 24 gold pieces
  5279 | D:6      | Bought a scroll of identify for 24 gold pieces
  5279 | D:6      | Bought a scroll of fog for 24 gold pieces
  5279 | D:6      | Bought a scroll of fear for 42 gold pieces
  5313 | D:6      | XOM: vitrification
  5385 | D:6      | Found Kosih's Armour Emporium.
  5565 | D:6      | XOM: fog
  5577 | D:6      | Reached skill level 10 in Long Blades
  5579 | D:6      | XOM: give mutations
  5579 | D:6      | Gained mutation: You are resistant to hostile enchantments. [Xom's grace]
  5579 | D:6      | Gained mutation: You passively map a small area around you. [Xom's grace]
  5579 | D:6      | Gained mutation: You have an increased reservoir of magic (+10% MP). [Xom's grace]
  5635 | D:6      | Found an ancient bone altar of Kikubaaqudgha.
  5679 | D:6      | Found Zopreogh's Food Shoppe.
  5767 | D:7      | XOM: noise
  5902 | D:7      | Noticed asdu's ghost (experienced DDCK)
  5906 | D:7      | XOM: divination: magic mapping
  5912 | D:7      | XOM: swap monsters
  5938 | D:7      | XOM: smoke on damage
  5939 | D:7      | XOM: swap monsters
  5959 | D:7      | HP: 1/63 [asdu's ghost (19)]
  5959 | D:7      | XOM: butterfly on damage
  5968 | D:7      | XOM: cast spell 'Call Canine Familiar'
  6125 | D:7      | Noticed Joseph
  6184 | D:7      | XOM: 2-stop teleportation journey
  6402 | D:7      | Found a snail-covered altar of Cheibriados.
  6587 | D:6      | XOM: mild Trmt miscast
  6598 | D:6      | XOM: vitrification
  6653 | D:7      | Killed asdu's ghost
  6715 | D:7      | XOM: god gift: wand of polymorph {god gift}
  6784 | D:7      | Shot with an exploding sling bullet by Joseph

Vault maps used:
D:1:      lightli_arrival_boilingwater
D:2:      okawaru_metal_pillars_1_2, minmay_misc_feat_columns, uniq_natasha
D:3:      kennysheep_generic_room_16
D:4:      vehumet_statue, first_bread
D:5:      minmay_temple_entry_nine_rooms, serial_shops,
          nicolae_shop_window_shopping, uniq_sigmund, uniq_blork_the_orc
D:6:      overflow_temple_1_default, serial_shops, kennysheep_little_box, shop,
          shop_fountains
D:7:      basic_altar, uniq_joseph

Action                   |  1- 3 |  4- 6 |  7- 9 || total
-------------------------+-------+-------+-------++-------
Melee: Falchion          |    94 |   139 |       ||   233
       Unarmed           |       |    17 |       ||    17
       Long sword        |       |    20 |   279 ||   299
Evoke: Wand              |       |       |     7 ||     7
  Use: Scroll            |       |     8 |    14 ||    22
       Potion            |       |       |     8 ||     8
 Stab: Confused          |     1 |     2 |     4 ||     7
       Paralysed         |     1 |       |       ||     1
       Invisible         |       |       |     6 ||     6
  Eat: Chunk             |       |     7 |     7 ||    14
       Pizza             |       |       |     1 ||     1

Vault maps used:
D:1:      lightli_arrival_boilingwater
D:2:      okawaru_metal_pillars_1_2, minmay_misc_feat_columns, uniq_natasha
D:3:      kennysheep_generic_room_16
D:4:      vehumet_statue, first_bread
D:5:      minmay_temple_entry_nine_rooms, serial_shops,
          nicolae_shop_window_shopping, uniq_sigmund, uniq_blork_the_orc
D:6:      overflow_temple_1_default, serial_shops, kennysheep_little_box, shop,
          shop_fountains
D:7:      basic_altar, uniq_joseph

Table legend:
 A = Turns spent in this place as a percentage of turns spent in the entire game.
 B = Non-inter-level travel turns spent in this place as a percentage of non-inter-level travel turns spent in the entire game.
 C = Inter-level travel turns spent in this place as a percentage of turns spent in this place.
 D = Turns resting spent in this place as a percentage of non-inter-level travel turns spent in this place.
 E = Turns spent auto-exploring this place as a percentage of non-inter-level travel turns spent in this place.
 F = Non-inter-level travel turns spent in this place divided by the number of levels of this place that you've seen.
                   A       B       C       D       E      F
               +-------+-------+-------+-------+-------+----------------------
         Total | 100.0 | 100.0 |   0.4 |   3.3 |  10.3 | 279.4
       Dungeon | 100.0 | 100.0 |   0.4 |   3.3 |  10.3 | 279.4
               +-------+-------+-------+-------+-------+----------------------

Table legend:
 A = Kills in this place as a percentage of kills in entire the game.
 B = Kills by you in this place as a percentage of kills by you in the entire game.
 C = Kills by friends in this place as a percentage of kills by friends in the entire game.
 D = Other kills in this place as a percentage of other kills in the entire game.
 E = Experience gained in this place as a percentage of experience gained in the entire game.
 F = Experience gained in this place divided by the number of levels of this place that you have seen.
                   A       B       C       D       E      F
               +-------+-------+-------+-------+-------+----------------------
         Total | 100.0 | 100.0 | 100.0 |  -nan | 100.0 | 395.9
       Dungeon | 100.0 | 100.0 | 100.0 |  -nan | 100.0 | 395.9
               +-------+-------+-------+-------+-------+----------------------
